 Dungeon Crawl Stone Soup version 0.19-a0-97-g21dea92 (webtiles) character file.

177 Duffy the Shield-Bearer (level 5, 0/41 HPs)
             Began as a Formicid Fighter on May 16, 2016.
             Killed from afar by wvc's ghost (9 damage)
             ... with a puff of frost
             ... in a sewer.
             The game lasted 00:02:28 (2079 turns).

Duffy the Shield-Bearer (Formicid Fighter)          Turns: 2079, Time: 00:02:29

Health: 0/41       AC: 10    Str: 21    XL:     5   Next: 88%
Magic:  5/5        EV:  6    Int:  7    God:
Gold:   192        SH: 10    Dex: 11    Spells: 0 memorised, 4 levels left

rFire  . . .     SeeInvis +     a - +0 war axe
rCold  . . .     Gourm    .     k - +0 chain mail (curse)
rNeg   . . .     Faith    .     c - +0 shield
rPois  .         Spirit   .     (helmet unavailable)
rElec  .         Dismiss  .     (no cloak)
rCorr  .         Reflect  .     (no gloves)
SustAt .         Harm     .     t - +0 pair of boots
MR     .....                    (no amulet)
Stlth  ..........               (no ring)
                                (no ring)

@: not resistant to hostile enchantments, extremely unstealthy
A: permanent stasis, dig shafts and tunnels, four strong arms, antennae 3
a: Dig, Shaft Self


You were in a sewer.
You were not hungry.

You visited 1 branch of the dungeon, and saw 3 of its levels.
You also visited: Sewer.

You collected 192 gold pieces.


Innate Abilities, Weirdness & Mutations

You are under a permanent stasis effect.
You can dig through walls and to a lower floor.
Your four strong arms can wield two-handed weapons with a shield.
You have a pair of large antennae on your head (SInv).


   Skills:
 - Level 3.2 Fighting
 + Level 4.0 Axes
 - Level 3.2 Armour
 + Level 5.9 Shields


You had 4 spell levels left.
You didn't know any spells.

Inventory:

Hand Weapons
 a - a +0 war axe (weapon)
Armour
 c - a +0 shield (worn)
 k - a cursed +0 chain mail (worn)
 t - a +0 pair of boots (worn)
Scrolls
 b - a scroll of enchant weapon {unknown}
 e - 2 scrolls of teleportation {unknown}
 h - 2 scrolls of remove curse {unknown}
 j - 3 scrolls of blinking {unknown}
 l - 2 scrolls of identify {unknown}
 m - a scroll of magic mapping {unknown}
 n - a scroll of random uselessness {unknown}
 o - a scroll of fear {unknown}
Potions
 d - a potion of might
 i - a potion of invisibility {unknown}
 p - a potion of degeneration {unknown}
 q - a potion of flight {unknown}
 s - a potion of lignification {unknown}
Comestibles
 f - a bread ration
 g - 4 meat rations
 r - a slice of pizza

Dungeon Overview and Level Annotations

Branches:
Dungeon (3/15)

Altars:
Elyvilon
Okawaru
Pakellas

Annotations:
Sewer wvc's ghost, amateur VSIE


Message History

The rat is moderately wounded.
The rat barely misses you. x2
You are feeling very hungry.
You hit the rat.
You kill the rat!
No target in view!
No target in view!
No target in view!
No target in view!
No target in view!
No target in view!
No target in view!
No target in view!
No target in view!
No target in view!
No target in view!
There is an empty arch of ancient stone here.
You see here a rat corpse.
You butcher the rat corpse.
u - a chunk of flesh
There is an empty arch of ancient stone here.
Eating a chunk of flesh.
This raw flesh tastes terrible.
You continue eating. x2
HP restored.
Things that are here:
a rat corpse; a river rat corpse You enter the shallow water.
Moving in this stuff is going to be slow.
Wvc's ghost (amateur Vine Stalker Ice Elementalist) comes into view.
It is wielding a weapon of electrocution.
Wvc's ghost turns its malevolent gaze towards you.
Wvc's ghost shouts, "You must not succeed where I failed!"
Wvc's ghost points at you and mumbles some strange words.
The puff of frost hits you!
Wvc's ghost points at you and mumbles some strange words.
The puff of frost misses you.
Wvc's ghost gestures at you while chanting.
The puff of frost hits you!
Wvc's ghost grins evilly.
Wvc's ghost points at you and mumbles some strange words.
The puff of frost hits you!
Wvc's ghost hits you but does no damage.
Wvc's ghost hits you but does no damage.
Wvc's ghost hits you. Wvc's ghost hits you.
Wvc's ghost whispers, "There is no future for you."
Wvc's ghost points at you and mumbles some strange words.
The puff of frost hits you!
Wvc's ghost points at you and mumbles some strange words.
The puff of frost hits you!
You die... ########################## #....\.\.@..W.~~~~~~~~~~~~ ##########################

You could see wvc's ghost.

Action                   |  1- 3 |  4- 6 || total
-------------------------+-------+-------++-------
Melee: War axe           |   127 |   101 ||   228
 Abil: Dig               |       |     2 ||     2
  Eat: Chunk             |     1 |     3 ||     4
Armor: Scale mail        |    29 |       ||    29
       Chain mail        |    43 |    67 ||   110
Dodge: Dodged            |    46 |    26 ||    72
Block: Shield            |    75 |    64 ||   139

Notes
Turn   | Place    | Note
--------------------------------------------------------------
     0 | D:1      | Duffy the Formicid Fighter began the quest for the Orb.
     0 | D:1      | Reached XP level 1. HP: 18/18 MP: 1/1
   139 | D:1      | Reached skill level 4 in Shields
   139 | D:1      | Reached XP level 2. HP: 6/24 MP: 2/2
   695 | D:1      | Reached XP level 3. HP: 29/29 MP: 3/3
  1366 | D:2      | Reached XP level 4. HP: 34/35 MP: 4/4
  1371 | D:2      | Reached skill level 3 in Axes
  1371 | D:2      | Reached skill level 5 in Shields
  1661 | D:3      | Found an oddly glowing altar of Pakellas.
  1665 | D:3      | Found a white marble altar of Elyvilon.
  1677 | D:3      | Noticed a phantom
  1738 | D:3      | Killed a phantom
  1738 | D:3      | Reached XP level 5. HP: 16/41 MP: 5/5
  1888 | D:3      | Found an iron altar of Okawaru.
  1941 | D:3      | Found a glowing drain.
  1944 | Sewer    | Entered a sewer
  1953 | Sewer    | Reached skill level 4 in Axes
  2059 | Sewer    | Noticed wvc's ghost (amateur VSIE)
  2079 | Sewer    | Killed from afar by wvc's ghost

Skill      XL: |  1  2  3  4  5 |
---------------+----------------+-----
Shields        | 4 5 |  5.9
Axes           | 3 4 |  4.0
Fighting       | |  3.2
Armour         | |  3.2

Vault maps used:
D:1:      lemuel_arrival_broad_hall
D:2:      minmay_misc_feat_tower
D:3:      grunt_temple_overflow_open, lemuel_crystal_altar,
          gup_sewer_entry_spiral, okawaru_gym_becter
Sewer:    sewer_kobolds

Vanquished Creatures
  A phantom
  A gnoll
  A river rat
  2 oozes
  2 worms
  A giant gecko
  5 giant cockroaches
  8 goblins
  6 hobgoblins
  9 kobolds
  A quokka
  4 bats
  3 giant newts
  11 rats
55 creatures vanquished.
